Sewer Rats vs Punishers
Created - February 18, 2020 at 22:59
Goals
|
| Sewer Rats |
1 |
1 |
1 |
3 |
| Punishers |
3 |
2 |
1 |
6 |
|
Shots
|
| Sewer Rats |
11 |
3 |
12 |
26 |
| Punishers |
14 |
13 |
10 |
37 |
|
1st period
1. Punishers , Mattias Tedenby 1 (Andreas Athanasiou 22) at 12:17 (PP)
2. Punishers , Mattias Tedenby 2 (Robbie Earl 20, Adam Pelech 19) at 13:38 (PP)
3. Punishers , Mattias Tedenby 3 (Slava Voynov 36, Robbie Earl 21) at 15:19
4. Sewer Rats , Dmitrij Jaskin 18 (Joel Edmundson 22, Nick Cousins 20) at 18:18
Penalties :
Robbie Earl (Pro) for Boarding (Minor) at 3:29, Joel Edmundson (Tol) for Elbowing (Minor) at 12:16, Joel Edmundson (Tol) for High sticking (Minor) at 13:22
2nd period
5. Sewer Rats , Erik Condra 27 (Steven Kampfer 32, Nick Cousins 21) at 6:06 (PP)
6. Punishers , Radek Faksa 17 (Slava Voynov 37, Miikka Salomaki 26) at 7:44 (PP)
7. Punishers , Tyler Bertuzzi 14 (Carter Ashton 26, Jordan Schmaltz 27) at 8:36
Penalties :
Miikka Salomaki (Pro) for Roughing (Minor) at 5:25, Jarred Tinordi (Tol) for Hooking (Minor) at 6:37, Daniel Carr (Tol) for Roughing (Minor) at 10:29
3rd period
8. Punishers , Madison Bowey 3 (Mattias Tedenby 1, Robbie Earl 22) at 15:20
9. Sewer Rats , Erik Condra 28 (Nick Cousins 22, Xavier Ouellet 3) at 16:37
Penalties :
Andreas Athanasiou (Pro) for Hooking (Minor) at 2:02, Mattias Tedenby (Pro) for Hooking (Minor) at 17:48
Goalie Stats
Darcy Kuemper (Tol), 14 saves from 15 shots - (0.933), 31:24 minutes
Marek Mazanek (Tol), 17 saves from 22 shots - (0.773), L, 25-8-3, 28:36 minutes
Daniel Altshuller (Pro), 23 saves from 26 shots - (0.885), W, 4-6-2, 60:00 minutes
Players Stats for Sewer Rats
Player Name G A P +/- PIM S H SB GA TA FO MP PP MP PK MP
------------------------------------------------------------------------------------
Anthony Duclair 0 0 0 -1 0 2 0 0 0 0 1/1 14:29 0:00 0:16
Connor Carrick 0 0 0 -1 0 0 1 0 0 0 0/0 12:17 0:40 1:39
Daniel Carr 0 0 0 0 2 2 2 0 1 0 0/0 16:55 2:52 0:00
Dmitrij Jaskin 1 0 1 1 0 1 0 0 1 0 0/0 7:41 0:07 0:00
Erik Condra 2 0 2 0 0 4 3 1 0 1 0/0 17:36 2:52 0:44
Jarred Tinordi 0 0 0 -2 2 1 2 2 0 0 0/0 26:12 4:22 1:40
Joel Edmundson 0 1 1 0 4 1 1 1 1 0 0/0 17:17 2:16 0:36
John Ramage 0 0 0 0 0 1 1 0 0 0 0/0 18:08 2:00 0:00
Jonathan Marchessault 0 0 0 -1 0 3 2 1 1 0 19/29 20:34 3:39 0:44
Jonathan Racine 0 0 0 1 0 0 1 0 0 0 0/0 6:32 0:00 0:00
Joseph Blandisi 0 0 0 1 0 0 0 0 0 0 0/0 6:29 0:00 0:16
Mark Mancari 0 0 0 -1 0 2 3 0 1 1 4/8 25:45 3:43 2:23
Martin Frk 0 0 0 -1 0 2 0 0 1 0 1/1 14:09 0:10 0:00
Nick Cousins 0 3 3 1 0 3 3 0 0 0 5/11 17:11 2:52 0:00
Stefan Elliott 0 0 0 -1 0 0 0 4 0 1 0/0 11:56 1:42 0:50
Steven Kampfer 0 1 1 0 0 1 0 1 1 1 0/0 17:19 2:16 0:36
Tomas Tatar 0 0 0 -1 0 3 5 1 1 0 1/2 22:17 3:39 2:23
Tyler Motte 0 0 0 -1 0 0 1 0 0 1 1/3 13:30 0:00 0:00
Xavier Ouellet 0 1 1 1 0 0 0 0 0 0 0/0 10:16 0:00 1:25
Players Stats for Punishers
Player Name G A P +/- PIM S H SB GA TA FO MP PP MP PK MP
------------------------------------------------------------------------------------
Adam Pelech 0 1 1 0 0 1 1 5 0 1 0/0 27:17 2:44 3:47
Alex Schoenborn 0 0 0 0 0 0 0 0 0 0 0/1 2:39 0:00 2:39
Andreas Athanasiou 0 1 1 1 2 0 0 0 0 0 12/29 20:15 1:39 1:00
Austen Brassard 0 0 0 0 0 1 2 0 0 0 0/0 7:52 0:00 0:00
Ben Betker 0 0 0 0 0 0 1 1 0 0 0/0 13:53 0:00 0:02
Carter Ashton 0 1 1 0 0 2 2 0 2 0 0/0 11:51 0:00 0:00
Daniel Audette 0 0 0 0 0 0 1 0 0 0 0/1 7:52 0:00 0:00
Dylan DeMelo 0 0 0 0 0 2 0 0 0 0 0/0 13:50 0:00 0:00
Garret Ross 0 0 0 0 0 1 0 0 0 0 1/2 14:26 1:25 0:24
John Macfarland 0 0 0 0 0 0 0 0 0 0 0/0 3:00 0:39 2:17
John Quenneville 0 0 0 0 0 4 1 0 0 0 2/5 11:51 0:00 0:00
Jordan Schmaltz 0 1 1 1 0 1 1 0 1 1 0/0 18:53 0:39 2:51
Madison Bowey 1 0 1 1 0 2 1 1 0 0 0/0 18:50 0:39 2:49
Mattias Tedenby 3 1 4 1 2 9 3 0 1 1 1/5 21:40 1:29 2:34
Michael Joly 0 0 0 0 0 0 0 0 0 0 0/0 0:20 0:20 0:00
Miikka Salomaki 0 1 1 0 2 2 0 1 0 0 0/0 15:08 1:34 0:57
Nikita Gusev 0 0 0 0 0 2 1 0 0 0 0/0 7:52 0:00 0:00
Radek Faksa 1 0 1 0 0 2 3 0 0 0 6/11 15:05 1:34 0:53
Robbie Earl 0 3 3 1 2 3 3 0 1 2 1/1 21:36 1:29 2:32
Slava Voynov 0 2 2 0 0 2 3 3 0 3 0/0 27:17 2:44 3:47
Tyler Bertuzzi 1 0 1 0 0 3 0 1 0 0 0/0 11:51 0:00 0:00
3 Stars
1 - Mattias Tedenby (Pro)
2 - Erik Condra (Tol)
3 - Robbie Earl (Pro)
Power Play
Sewer Rats - 1 on 4 Attempt(s) - 25.00%
Punishers - 3 on 4 Attempt(s) - 75.00%
Penalty Kill
Sewer Rats - 1 on 4 Attempt(s) - 25.00%
- Score 0 goal in Penalty Kill
Punishers - 3 on 4 Attempt(s) - 75.00%
- Score 0 goal in Penalty Kill
Team Stat
Sewer Rats - Hits : 25 - Faceoff Wins : 32 - Blocked Shots : 11 - Penalty Minutes : 8
Punishers - Hits : 23 - Faceoff Wins : 23 - Blocked Shots : 12 - Penalty Minutes : 8
Official
Referees : Unknown
Linesman : Unknown
Game Notes
Mattias Tedenby has scored a Hat Trick!
Stefan Elliott is injured at 7:10 of 2nd period (Strained Right Elbow)
Darcy Kuemper enters game at 8:36 of 2nd period
Finance
Level 1 -- Attendance: 1222 (61.10%) -- Ticket Income $48,880
Level 2 -- Attendance: 669 (66.90%) -- Ticket Income $13,380
Total Attendance: 1891 (63.03%)
Total Ticket Income: $62,260
Other Income: $3,113
Total Income: $65,373
Sewer Rats
5 vs 5 Forward
Center Left Wing Right Wing Time % Phy DF OF
1 Jonathan Marchessault Tomas Tatar Mark Mancari 40 1 2 2
2 Nick Cousins Daniel Carr Erik Condra 30 1 2 2
3 Tyler Motte Anthony Duclair Martin Frk 20 1 2 2
4 Mark Mancari Joseph Blandisi Dmitrij Jaskin 10 1 2 2
5 vs 5 Defense
Defense Defense Time % Phy DF OF
1 Jarred Tinordi Stefan Elliott 40 1 2 2
2 Steven Kampfer Joel Edmundson 30 1 2 2
3 John Ramage Connor Carrick 20 1 2 2
4 Xavier Ouellet Jonathan Racine 10 1 2 2
PowerPlay Forward
Center Left Wing Right Wing Time % Phy DF OF
1 Jonathan Marchessault Tomas Tatar Mark Mancari 60 1 2 2
2 Nick Cousins Daniel Carr Erik Condra 40 1 2 2
PowerPlay Defense
Defense Defense Time % Phy DF OF
1 Jarred Tinordi Stefan Elliott 60 1 2 2
2 Steven Kampfer Joel Edmundson 40 1 2 2
Penalty Kill 4 Players Forward
Center Wing Time % Phy DF OF
1 Mark Mancari Tomas Tatar 60 1 2 2
2 Erik Condra Jonathan Marchessault 40 1 2 2
Penalty Kill 4 Players Defense
Defense Defense Time % Phy DF OF
1 Jarred Tinordi Stefan Elliott 60 1 2 2
2 Steven Kampfer Joel Edmundson 40 1 2 2
Penalty Kill - 3 Players Forward
Forward Time % Phy DF OF
1 Mark Mancari 60 1 2 2
2 Tomas Tatar 40 1 2 2
Penalty Kill - 3 Players Defense
Defense Defense Time % Phy DF OF
1 Jarred Tinordi Stefan Elliott 60 1 2 2
2 Steven Kampfer Joel Edmundson 40 1 2 2
4 vs 4 Forward
Center Wing Time % Phy DF OF
1 Mark Mancari Tomas Tatar 60 1 2 2
2 Erik Condra Jonathan Marchessault 40 1 2 2
4 vs 4 Defense
Defense Defense Time % Phy DF OF
1 Jarred Tinordi Stefan Elliott 60 1 2 2
2 Steven Kampfer Joel Edmundson 40 1 2 2
Last Minutes Offensive
Center Left Wing Right Wing Defense Defense
Jonathan Marchessault Tomas Tatar Mark Mancari Jarred Tinordi Stefan Elliott
Last Minutes Defensive
Center Left Wing Right Wing Defense Defense
Jonathan Marchessault Tomas Tatar Mark Mancari Jarred Tinordi Stefan Elliott
Goaltenders
Starting : Marek Mazanek
Backup : Darcy Kuemper
Extra Forwards
Normal : Martin Frk, Dmitrij Jaskin, Anthony Duclair - PP : Martin Frk, Dmitrij Jaskin - PK : Anthony Duclair
Extra Defensemen
Normal : John Ramage, Connor Carrick, Xavier Ouellet - PP : John Ramage - PK : Connor Carrick, Xavier Ouellet
Penalty Shots
Mark Mancari, Tomas Tatar, Erik Condra, Jonathan Marchessault, Daniel Carr
Scratches
Vincent Trocheck (Healthy), Dominik Kubalik (Healthy), Ryan Murphy (Healthy), Josh Archibald (Healthy), Chris Calhan (Healthy)
Jared McCann (Abdominal Strain Injury), Mark Friedman (Healthy), Michael Dal Colle (Healthy), Matteson Iacopelli (Healthy), Sergei Kostenko (Healthy)
Antoine Bibeau (Healthy)
Punishers
5 vs 5 Forward
Center Left Wing Right Wing Time % Phy DF OF
1 Andreas Athanasiou Robbie Earl Mattias Tedenby 40 1 2 2
2 Radek Faksa Garret Ross Miikka Salomaki 30 1 2 2
3 John Quenneville Tyler Bertuzzi Carter Ashton 20 1 2 2
4 Daniel Audette Nikita Gusev Austen Brassard 10 1 2 2
5 vs 5 Defense
Defense Defense Time % Phy DF OF
1 Slava Voynov Adam Pelech 40 1 2 2
2 Jordan Schmaltz Madison Bowey 30 1 2 2
3 Dylan DeMelo Ben Betker 20 1 2 2
4 Slava Voynov Adam Pelech 10 1 2 2
PowerPlay Forward
Center Left Wing Right Wing Time % Phy DF OF
1 Andreas Athanasiou Robbie Earl Mattias Tedenby 60 1 2 2
2 Radek Faksa Garret Ross Miikka Salomaki 40 1 2 2
PowerPlay Defense
Defense Defense Time % Phy DF OF
1 Slava Voynov Adam Pelech 60 1 2 2
2 Jordan Schmaltz Madison Bowey 40 1 2 2
Penalty Kill 4 Players Forward
Center Wing Time % Phy DF OF
1 Mattias Tedenby Robbie Earl 60 1 2 2
2 Miikka Salomaki Andreas Athanasiou 40 1 2 2
Penalty Kill 4 Players Defense
Defense Defense Time % Phy DF OF
1 Slava Voynov Adam Pelech 60 1 2 2
2 Jordan Schmaltz Madison Bowey 40 1 2 2
Penalty Kill - 3 Players Forward
Forward Time % Phy DF OF
1 Mattias Tedenby 60 1 2 2
2 Robbie Earl 40 1 2 2
Penalty Kill - 3 Players Defense
Defense Defense Time % Phy DF OF
1 Slava Voynov Adam Pelech 60 1 2 2
2 Jordan Schmaltz Madison Bowey 40 1 2 2
4 vs 4 Forward
Center Wing Time % Phy DF OF
1 Mattias Tedenby Robbie Earl 60 1 2 2
2 Miikka Salomaki Andreas Athanasiou 40 1 2 2
4 vs 4 Defense
Defense Defense Time % Phy DF OF
1 Slava Voynov Adam Pelech 60 1 2 2
2 Jordan Schmaltz Madison Bowey 40 1 2 2
Last Minutes Offensive
Center Left Wing Right Wing Defense Defense
Andreas Athanasiou Robbie Earl Mattias Tedenby Slava Voynov Adam Pelech
Last Minutes Defensive
Center Left Wing Right Wing Defense Defense
Andreas Athanasiou Robbie Earl Mattias Tedenby Slava Voynov Adam Pelech
Goaltenders
Starting : Daniel Altshuller
Backup : Ivan Nalimov
Extra Forwards
Normal : John Macfarland, Michael Joly, Alex Schoenborn - PP : John Macfarland, Michael Joly - PK : Alex Schoenborn
Extra Defensemen
Normal : Dylan DeMelo, Ben Betker, Jordan Schmaltz - PP : Dylan DeMelo - PK : Ben Betker, Jordan Schmaltz
Penalty Shots
Mattias Tedenby, Robbie Earl, Miikka Salomaki, Andreas Athanasiou, Radek Faksa
Scratches
Louis Domingue (Exhaustion)
% Time on Ice - Sewer Rats
Lines # - Real PCT - Wanted PCT - Time Play
Normal Forward
1 - 33% - 40% - 16:16
2 - 28% - 30% - 14:00
3 - 27% - 20% - 13:30
4 - 12% - 10% - 6:13
Normal Defense
1 - 40% - 40% - 20:11
2 - 29% - 30% - 14:27
3 - 18% - 20% - 8:49
4 - 13% - 10% - 6:32
PP Forward
1 - 57% - 60% - 3:46
2 - 43% - 40% - 2:52
PP Defense
1 - 66% - 60% - 4:22
2 - 34% - 40% - 2:16
PK Forward
1 - 78% - 60% - 2:39
2 - 22% - 40% - 0:44
PK Defense
1 - 82% - 60% - 2:47
2 - 18% - 40% - 0:36
PK3 Forward
1 - 0% - 60%
2 - 0% - 40%
PK3 Defense
1 - 0% - 60%
2 - 0% - 40%
44 Forward
1 - 0% - 60%
2 - 0% - 40%
44 Defense
1 - 0% - 60%
2 - 0% - 40%
Last Minute Offensive - 0:00
Last Minute Defensive - 0:00
Total
Forward - 60:00
Defense - 60:00
|
% Time on Ice - Punishers
Lines # - Real PCT - Wanted PCT - Time Play
Normal Forward
1 - 35% - 40% - 17:38
2 - 25% - 30% - 12:38
3 - 24% - 20% - 11:51
4 - 16% - 10% - 7:52
Normal Defense
1 - 37% - 40% - 18:36
2 - 31% - 30% - 15:22
3 - 28% - 20% - 13:50
4 - 4% - 10% - 2:11
PP Forward
1 - 54% - 60% - 1:49
2 - 46% - 40% - 1:34
PP Defense
1 - 81% - 60% - 2:44
2 - 19% - 40% - 0:39
PK Forward
1 - 82% - 60% - 5:28
2 - 18% - 40% - 1:10
PK Defense
1 - 58% - 60% - 3:49
2 - 42% - 40% - 2:49
PK3 Forward
1 - 0% - 60%
2 - 0% - 40%
PK3 Defense
1 - 0% - 60%
2 - 0% - 40%
44 Forward
1 - 0% - 60%
2 - 0% - 40%
44 Defense
1 - 0% - 60%
2 - 0% - 40%
Last Minute Offensive - 0:00
Last Minute Defensive - 0:00
Total
Forward - 60:00
Defense - 60:00
|
Play-by-Play
1st period
0:01 of 1st period - Andreas Athanasiou wins face-off versus Jonathan Marchessault in neutral zone.
0:06 of 1st period - Slapshot by Robbie Earl.
0:06 of 1st period - Stopped by Marek Mazanek with a rebound.
0:08 of 1st period - Slapshot by Slava Voynov.
0:08 of 1st period - Deflect By Mattias Tedenby.
0:08 of 1st period - Stopped by Marek Mazanek with a rebound.
0:35 of 1st period - Slapshot by Daniel Carr.
0:35 of 1st period - Shot Misses the Net.
1:22 of 1st period - Backhand shot by Adam Pelech.
1:22 of 1st period - Deflect By Nikita Gusev.
1:22 of 1st period - Shot Misses the Net.
1:22 of 1st period - Puck is out of play.
1:23 of 1st period - Nick Cousins wins face-off versus Andreas Athanasiou in Sewer Rats zone.
1:23 of 1st period - Nick Cousins is hit by Robbie Earl.
1:33 of 1st period - Slapshot by Steven Kampfer.
1:33 of 1st period - Shot Misses the Net.
1:35 of 1st period - Slapshot by Daniel Carr.
1:35 of 1st period - Stopped by Daniel Altshuller with a rebound.
1:37 of 1st period - Slapshot by Joel Edmundson.
1:37 of 1st period - Stopped by Daniel Altshuller with a rebound.
1:39 of 1st period - Slapshot by Joel Edmundson.
1:39 of 1st period - Deflect By Erik Condra.
1:39 of 1st period - Shot Blocked by Slava Voynov.
1:39 of 1st period - Puck is out of play.
1:40 of 1st period - Jonathan Marchessault wins face-off versus Radek Faksa in Punishers zone.
1:49 of 1st period - Wrist shot by Miikka Salomaki.
1:49 of 1st period - Stopped by Marek Mazanek with a rebound.
1:51 of 1st period - Wrist shot by Slava Voynov.
1:51 of 1st period - Stopped by Marek Mazanek without a rebound.
1:52 of 1st period - Jonathan Marchessault wins face-off versus Andreas Athanasiou in Sewer Rats zone.
1:52 of 1st period - Jonathan Marchessault is hit by Ben Betker.
2:18 of 1st period - Tyler Bertuzzi is hit by Joel Edmundson.
2:38 of 1st period - Slapshot by Anthony Duclair.
2:38 of 1st period - Shot Misses the Net.
2:40 of 1st period - Slapshot by Steven Kampfer.
2:40 of 1st period - Deflect By Anthony Duclair.
2:40 of 1st period - Stopped by Daniel Altshuller with a rebound.
3:00 of 1st period - Wrist shot by Adam Pelech.
3:00 of 1st period - Shot Blocked by Jarred Tinordi.
3:02 of 1st period - Slapshot by Slava Voynov.
3:02 of 1st period - Stopped by Marek Mazanek with a rebound.
3:04 of 1st period - Slapshot by Adam Pelech.
3:04 of 1st period - Shot Misses the Net.
3:06 of 1st period - Snap shot by Adam Pelech.
3:06 of 1st period - Shot Blocked by Stefan Elliott.
3:08 of 1st period - Slapshot by Slava Voynov.
3:08 of 1st period - Shot Blocked by Stefan Elliott.
3:18 of 1st period - Madison Bowey is hit by Nick Cousins and loses puck.
3:27 of 1st period - Snap shot by Erik Condra.
3:27 of 1st period - Shot Blocked by Madison Bowey.
3:29 of 1st period - Minor Penalty to Robbie Earl for Boarding.
3:30 of 1st period - Jonathan Marchessault wins face-off versus Mattias Tedenby in Punishers zone.
3:37 of 1st period - Slapshot by Mark Mancari.
3:37 of 1st period - Stopped by Daniel Altshuller without a rebound.
3:38 of 1st period - Jonathan Marchessault wins face-off versus Mattias Tedenby in Punishers zone.
3:53 of 1st period - Snap shot by Mark Mancari.
3:53 of 1st period - Deflect By Tomas Tatar.
3:53 of 1st period - Stopped by Daniel Altshuller with a rebound.
4:05 of 1st period - Mattias Tedenby is hit by Erik Condra and loses puck.
5:29 of 1st period - Penalty to Robbie Earl is over, Robbie Earl is back on ice.
6:51 of 1st period - Connor Carrick is hit by Madison Bowey and loses puck.
7:44 of 1st period - Backhand shot by Radek Faksa.
7:44 of 1st period - Shot Blocked by Joel Edmundson.
7:46 of 1st period - Backhand shot by Slava Voynov.
7:46 of 1st period - Shot Blocked by Steven Kampfer.
8:14 of 1st period - Stefan Elliott is hit by Austen Brassard and loses puck.
9:20 of 1st period - Wrist shot by Carter Ashton.
9:20 of 1st period - Stopped by Marek Mazanek without a rebound.
9:21 of 1st period - Jonathan Marchessault wins face-off versus John Quenneville in Sewer Rats zone.
9:21 of 1st period - Jonathan Marchessault is hit by John Quenneville.
10:48 of 1st period - Slapshot by Mattias Tedenby.
10:48 of 1st period - Shot Hit the Post.
10:50 of 1st period - Wrist shot by Robbie Earl.
10:50 of 1st period - Shot Misses the Net.
10:52 of 1st period - Slapshot by Adam Pelech.
10:52 of 1st period - Stopped by Marek Mazanek with a rebound.
11:02 of 1st period - Snap shot by Robbie Earl.
11:02 of 1st period - Shot Misses the Net.
11:04 of 1st period - Wrist shot by Mattias Tedenby.
11:04 of 1st period - Stopped by Marek Mazanek without a rebound.
11:05 of 1st period - Jonathan Marchessault wins face-off versus Garret Ross in Sewer Rats zone.
11:12 of 1st period - Miikka Salomaki is hit by Tomas Tatar and loses puck.
11:40 of 1st period - Carter Ashton is hit by Connor Carrick and loses puck.
12:04 of 1st period - Icing by Ben Betker.
12:05 of 1st period - Radek Faksa wins face-off versus Jonathan Marchessault in Punishers zone.
12:05 of 1st period - Radek Faksa is hit by Jonathan Marchessault.
12:16 of 1st period - Minor Penalty to Joel Edmundson for Elbowing.
12:17 of 1st period - Andreas Athanasiou wins face-off versus Mark Mancari in Sewer Rats zone.
12:17 of 1st period - Wrist shot by Mattias Tedenby.
12:17 of 1st period - Goal by Mattias Tedenby - Sewer Rats : 0 - Punishers : 1.
12:18 of 1st period - Andreas Athanasiou wins face-off versus Jonathan Marchessault in neutral zone.
12:29 of 1st period - Wrist shot by Robbie Earl.
12:29 of 1st period - Shot Misses the Net.
13:16 of 1st period - Snap shot by John Quenneville.
13:16 of 1st period - Stopped by Marek Mazanek with a rebound.
13:22 of 1st period - Minor Penalty to Joel Edmundson for High sticking.
13:23 of 1st period - Mark Mancari wins face-off versus Andreas Athanasiou in Sewer Rats zone.
13:34 of 1st period - Snap shot by Robbie Earl.
13:34 of 1st period - Shot Misses the Net.
13:36 of 1st period - Snap shot by Mattias Tedenby.
13:36 of 1st period - Shot Misses the Net.
13:38 of 1st period - Slapshot by Mattias Tedenby.
13:38 of 1st period - Goal by Mattias Tedenby - Sewer Rats : 0 - Punishers : 2.
13:39 of 1st period - Jonathan Marchessault wins face-off versus Andreas Athanasiou in neutral zone.
13:44 of 1st period - Snap shot by Tomas Tatar.
13:44 of 1st period - Stopped by Daniel Altshuller with a rebound.
13:47 of 1st period - Icing by Andreas Athanasiou.
13:48 of 1st period - Jonathan Marchessault wins face-off versus Andreas Athanasiou in Punishers zone.
13:51 of 1st period - Slapshot by Jonathan Marchessault.
13:51 of 1st period - Shot Blocked by Adam Pelech.
15:03 of 1st period - Snap shot by Tomas Tatar.
15:03 of 1st period - Shot Blocked by Adam Pelech.
15:15 of 1st period - Wrist shot by Mattias Tedenby.
15:15 of 1st period - Shot Misses the Net.
15:17 of 1st period - Wrist shot by Mattias Tedenby.
15:17 of 1st period - Shot Blocked by Stefan Elliott.
15:19 of 1st period - Snap shot by Slava Voynov.
15:19 of 1st period - Deflect By Mattias Tedenby.
15:19 of 1st period - Goal by Mattias Tedenby - Sewer Rats : 0 - Punishers : 3.
15:20 of 1st period - Nick Cousins wins face-off versus Radek Faksa in neutral zone.
15:27 of 1st period - Steven Kampfer is hit by Radek Faksa and loses puck.
15:50 of 1st period - Snap shot by Tyler Bertuzzi.
15:50 of 1st period - Stopped by Marek Mazanek without a rebound.
15:51 of 1st period - Anthony Duclair wins face-off versus John Quenneville in Sewer Rats zone.
16:04 of 1st period - John Ramage is hit by Carter Ashton and loses puck.
16:25 of 1st period - Wrist shot by Nick Cousins.
16:25 of 1st period - Stopped by Daniel Altshuller with a rebound.
16:53 of 1st period - Slapshot by Martin Frk.
16:53 of 1st period - Shot Misses the Net.
16:55 of 1st period - Slapshot by Jarred Tinordi.
16:55 of 1st period - Shot Blocked by Ben Betker.
17:27 of 1st period - Snap shot by Jonathan Marchessault.
17:27 of 1st period - Stopped by Daniel Altshuller with a rebound.
18:05 of 1st period - Slava Voynov is hit by Jonathan Marchessault and loses puck.
18:16 of 1st period - Wrist shot by Nick Cousins.
18:16 of 1st period - Shot Misses the Net.
18:18 of 1st period - Slapshot by Joel Edmundson.
18:18 of 1st period - Deflect By Dmitrij Jaskin.
18:18 of 1st period - Goal by Dmitrij Jaskin - Sewer Rats : 1 - Punishers : 3.
18:19 of 1st period - Jonathan Marchessault wins face-off versus Andreas Athanasiou in neutral zone.
18:23 of 1st period - Off-side.
18:24 of 1st period - Jonathan Marchessault wins face-off versus Andreas Athanasiou in neutral zone.
18:29 of 1st period - Slapshot by Steven Kampfer.
18:29 of 1st period - Stopped by Daniel Altshuller without a rebound.
18:30 of 1st period - Jonathan Marchessault wins face-off versus Radek Faksa in Punishers zone.
18:35 of 1st period - Snap shot by Mark Mancari.
18:35 of 1st period - Shot Blocked by Adam Pelech.
18:57 of 1st period - Andreas Athanasiou is hit by Nick Cousins.
19:07 of 1st period - Snap shot by Nick Cousins.
19:07 of 1st period - Deflect By Erik Condra.
19:07 of 1st period - Stopped by Daniel Altshuller without a rebound.
19:08 of 1st period - John Quenneville wins face-off versus Tomas Tatar in Punishers zone.
19:13 of 1st period - Slapshot by Carter Ashton.
19:13 of 1st period - Deflect By Tyler Bertuzzi.
19:13 of 1st period - Stopped by Marek Mazanek with a rebound.
19:20 of 1st period - Icing by Mark Mancari.
19:21 of 1st period - Jonathan Marchessault wins face-off versus Andreas Athanasiou in Sewer Rats zone.
19:38 of 1st period - Mattias Tedenby is hit by Tomas Tatar and loses puck.
Goals for this period are 1 for Sewer Rats vs 3 for Punishers.
Shots for this period are 11 for Sewer Rats vs 14 for Punishers.
2nd period
0:01 of 2nd period - Radek Faksa wins face-off versus Jonathan Marchessault in neutral zone.
0:26 of 2nd period - Andreas Athanasiou is hit by Erik Condra.
0:30 of 2nd period - Steven Kampfer is hit by Slava Voynov and loses puck.
0:35 of 2nd period - Snap shot by Mattias Tedenby.
0:35 of 2nd period - Stopped by Marek Mazanek with a rebound.
0:47 of 2nd period - Snap shot by Nikita Gusev.
0:47 of 2nd period - Shot Misses the Net.
0:53 of 2nd period - Backhand shot by Martin Frk.
0:53 of 2nd period - Stopped by Daniel Altshuller with a rebound.
1:21 of 2nd period - Snap shot by John Quenneville.
1:21 of 2nd period - Stopped by Marek Mazanek without a rebound.
1:22 of 2nd period - Andreas Athanasiou wins face-off versus Nick Cousins in Sewer Rats zone.
1:47 of 2nd period - Erik Condra is hit by Jordan Schmaltz and loses puck.
1:58 of 2nd period - Wrist shot by John Quenneville.
1:58 of 2nd period - Stopped by Marek Mazanek with a rebound.
2:00 of 2nd period - Snap shot by Carter Ashton.
2:00 of 2nd period - Stopped by Marek Mazanek with a rebound.
3:30 of 2nd period - Wrist shot by Mattias Tedenby.
3:30 of 2nd period - Shot Blocked by Tomas Tatar.
4:12 of 2nd period - Dmitrij Jaskin is hit by Austen Brassard and loses puck.
4:57 of 2nd period - Wrist shot by Mattias Tedenby.
4:57 of 2nd period - Stopped by Marek Mazanek with a rebound.
4:59 of 2nd period - Snap shot by Robbie Earl.
4:59 of 2nd period - Stopped by Marek Mazanek with a rebound.
5:01 of 2nd period - Snap shot by Robbie Earl.
5:01 of 2nd period - Shot Blocked by Erik Condra.
5:25 of 2nd period - Minor Penalty to Miikka Salomaki for Roughing.
5:26 of 2nd period - Jonathan Marchessault wins face-off versus Mattias Tedenby in Punishers zone.
6:04 of 2nd period - Snap shot by Steven Kampfer.
6:04 of 2nd period - Shot Misses the Net.
6:06 of 2nd period - Snap shot by Erik Condra.
6:06 of 2nd period - Goal by Erik Condra - Sewer Rats : 2 - Punishers : 3.
6:07 of 2nd period - Andreas Athanasiou wins face-off versus Jonathan Marchessault in neutral zone.
6:22 of 2nd period - Slapshot by Jonathan Marchessault.
6:22 of 2nd period - Shot Misses the Net.
6:37 of 2nd period - Minor Penalty to Jarred Tinordi for Hooking.
6:38 of 2nd period - Mark Mancari wins face-off versus Andreas Athanasiou in Sewer Rats zone.
7:10 of 2nd period - Slapshot by Adam Pelech.
7:10 of 2nd period - Shot Blocked by Stefan Elliott.
7:10 of 2nd period - Stefan Elliott from Sewer Rats is injured at 7:10 of 2nd period (Strained Right Elbow).
7:11 of 2nd period - Andreas Athanasiou wins face-off versus Mark Mancari in Sewer Rats zone.
7:44 of 2nd period - Wrist shot by Radek Faksa.
7:44 of 2nd period - Goal by Radek Faksa - Sewer Rats : 2 - Punishers : 4.
7:45 of 2nd period - Andreas Athanasiou wins face-off versus Nick Cousins in neutral zone.
8:22 of 2nd period - Off-side.
8:23 of 2nd period - Tyler Motte wins face-off versus John Quenneville in neutral zone.
8:36 of 2nd period - Snap shot by Tyler Bertuzzi.
8:36 of 2nd period - Goal by Tyler Bertuzzi - Sewer Rats : 2 - Punishers : 5.
8:36 of 2nd period - Darcy Kuemper enters game.
8:37 of 2nd period - Jonathan Marchessault wins face-off versus Andreas Athanasiou in neutral zone.
10:02 of 2nd period - Slapshot by Mattias Tedenby.
10:02 of 2nd period - Stopped by Darcy Kuemper without a rebound.
10:03 of 2nd period - Mark Mancari wins face-off versus Radek Faksa in Sewer Rats zone.
10:12 of 2nd period - Snap shot by Tomas Tatar.
10:12 of 2nd period - Stopped by Daniel Altshuller with a rebound.
10:29 of 2nd period - Minor Penalty to Daniel Carr for Roughing.
10:30 of 2nd period - Radek Faksa wins face-off versus Mark Mancari in Sewer Rats zone.
11:45 of 2nd period - Anthony Duclair is hit by Radek Faksa and loses puck.
12:15 of 2nd period - Jarred Tinordi is hit by Slava Voynov and loses puck.
12:29 of 2nd period - Penalty to Daniel Carr is over, Daniel Carr is back on ice.
12:58 of 2nd period - Steven Kampfer is hit by Nikita Gusev and loses puck.
13:03 of 2nd period - Wrist shot by Nikita Gusev.
13:03 of 2nd period - Shot Misses the Net.
13:05 of 2nd period - Slapshot by Madison Bowey.
13:05 of 2nd period - Deflect By Anthony Duclair.
13:05 of 2nd period - Stopped by Darcy Kuemper with a rebound.
13:07 of 2nd period - Wrist shot by Nikita Gusev.
13:07 of 2nd period - Stopped by Darcy Kuemper with a rebound.
13:59 of 2nd period - Radek Faksa is hit by Mark Mancari and loses puck.
14:12 of 2nd period - Mattias Tedenby is hit by Tomas Tatar and loses puck.
15:24 of 2nd period - Snap shot by Dmitrij Jaskin.
15:24 of 2nd period - Shot Blocked by Slava Voynov.
16:34 of 2nd period - Tyler Bertuzzi is hit by Tyler Motte and loses puck.
17:03 of 2nd period - Mark Mancari is hit by Mattias Tedenby and loses puck.
17:24 of 2nd period - Snap shot by Austen Brassard.
17:24 of 2nd period - Shot Blocked by Jarred Tinordi.
17:26 of 2nd period - Slapshot by Ben Betker.
17:26 of 2nd period - Deflect By Austen Brassard.
17:26 of 2nd period - Stopped by Darcy Kuemper with a rebound.
17:32 of 2nd period - Austen Brassard is hit by John Ramage and loses puck.
18:05 of 2nd period - Snap shot by John Quenneville.
18:05 of 2nd period - Stopped by Darcy Kuemper with a rebound.
18:11 of 2nd period - Ben Betker is hit by Tomas Tatar and loses puck.
19:01 of 2nd period - Anthony Duclair is hit by Daniel Audette and loses puck.
Goals for this period are 1 for Sewer Rats vs 2 for Punishers.
Shots for this period are 3 for Sewer Rats vs 13 for Punishers.
3rd period
0:01 of 3rd period - Tomas Tatar wins face-off versus Andreas Athanasiou in neutral zone.
0:25 of 3rd period - Miikka Salomaki is hit by Erik Condra.
0:34 of 3rd period - Snap shot by Nick Cousins.
0:34 of 3rd period - Shot Misses the Net.
0:36 of 3rd period - Slapshot by Erik Condra.
0:36 of 3rd period - Stopped by Daniel Altshuller with a rebound.
0:46 of 3rd period - Martin Frk is hit by Carter Ashton and loses puck.
1:36 of 3rd period - Wrist shot by Nikita Gusev.
1:36 of 3rd period - Stopped by Darcy Kuemper without a rebound.
1:37 of 3rd period - Radek Faksa wins face-off versus Mark Mancari in Sewer Rats zone.
1:42 of 3rd period - Wrist shot by Garret Ross.
1:42 of 3rd period - Shot Misses the Net.
1:44 of 3rd period - Wrist shot by Radek Faksa.
1:44 of 3rd period - Stopped by Darcy Kuemper without a rebound.
1:45 of 3rd period - Radek Faksa wins face-off versus Jonathan Marchessault in Sewer Rats zone.
1:53 of 3rd period - Off-side.
1:54 of 3rd period - Jonathan Marchessault wins face-off versus Andreas Athanasiou in neutral zone.
2:02 of 3rd period - Minor Penalty to Andreas Athanasiou for Hooking.
2:03 of 3rd period - Jonathan Marchessault wins face-off versus Mattias Tedenby in Punishers zone.
2:14 of 3rd period - Wrist shot by Mark Mancari.
2:14 of 3rd period - Shot Blocked by Adam Pelech.
2:28 of 3rd period - Mattias Tedenby is hit by Daniel Carr and loses puck.
2:35 of 3rd period - Snap shot by Daniel Carr.
2:35 of 3rd period - Stopped by Daniel Altshuller with a rebound.
2:37 of 3rd period - Slapshot by Daniel Carr.
2:37 of 3rd period - Shot Misses the Net.
3:24 of 3rd period - Slava Voynov is hit by Jarred Tinordi and loses puck.
3:47 of 3rd period - Alex Schoenborn is hit by Daniel Carr and loses puck.
4:02 of 3rd period - Penalty to Andreas Athanasiou is over, Andreas Athanasiou is back on ice.
4:43 of 3rd period - Off-side.
4:44 of 3rd period - Martin Frk wins face-off versus Radek Faksa in neutral zone.
6:31 of 3rd period - Snap shot by Miikka Salomaki.
6:31 of 3rd period - Stopped by Darcy Kuemper with a rebound.
6:46 of 3rd period - Off-side.
6:47 of 3rd period - Nick Cousins wins face-off versus Daniel Audette in neutral zone.
7:12 of 3rd period - Martin Frk is hit by Mattias Tedenby and loses puck.
8:37 of 3rd period - Snap shot by Anthony Duclair.
8:37 of 3rd period - Stopped by Daniel Altshuller without a rebound.
8:38 of 3rd period - Garret Ross wins face-off versus Jonathan Marchessault in Punishers zone.
8:48 of 3rd period - Wrist shot by Miikka Salomaki.
8:48 of 3rd period - Shot Blocked by Jonathan Marchessault.
8:50 of 3rd period - Snap shot by Dylan DeMelo.
8:50 of 3rd period - Deflect By Miikka Salomaki.
8:50 of 3rd period - Shot Misses the Net.
8:50 of 3rd period - Puck is out of play.
8:51 of 3rd period - Mattias Tedenby wins face-off versus Jonathan Marchessault in Sewer Rats zone.
9:29 of 3rd period - Snap shot by Garret Ross.
9:29 of 3rd period - Stopped by Darcy Kuemper with a rebound.
10:07 of 3rd period - Snap shot by Jordan Schmaltz.
10:07 of 3rd period - Stopped by Darcy Kuemper without a rebound.
10:08 of 3rd period - Jonathan Marchessault wins face-off versus Andreas Athanasiou in Sewer Rats zone.
10:08 of 3rd period - Jonathan Marchessault is hit by Mattias Tedenby.
10:16 of 3rd period - Wrist shot by Jonathan Marchessault.
10:16 of 3rd period - Stopped by Daniel Altshuller with a rebound.
11:02 of 3rd period - Slava Voynov is hit by Nick Cousins and loses puck.
11:37 of 3rd period - Wrist shot by Martin Frk.
11:37 of 3rd period - Stopped by Daniel Altshuller with a rebound.
11:39 of 3rd period - Snap shot by John Ramage.
11:39 of 3rd period - Stopped by Daniel Altshuller without a rebound.
11:40 of 3rd period - Robbie Earl wins face-off versus Tyler Motte in Punishers zone.
12:07 of 3rd period - Radek Faksa is hit by Jarred Tinordi and loses puck.
12:14 of 3rd period - Snap shot by Mark Mancari.
12:14 of 3rd period - Shot Blocked by Miikka Salomaki.
12:16 of 3rd period - Slapshot by Mark Mancari.
12:16 of 3rd period - Shot Blocked by Adam Pelech.
12:23 of 3rd period - Icing by Slava Voynov.
12:24 of 3rd period - Radek Faksa wins face-off versus Nick Cousins in Punishers zone.
12:31 of 3rd period - Joel Edmundson is hit by Robbie Earl and loses puck.
12:51 of 3rd period - Carter Ashton is hit by Mark Mancari and loses puck.
13:29 of 3rd period - Icing by Jarred Tinordi.
13:30 of 3rd period - Mark Mancari wins face-off versus Andreas Athanasiou in Sewer Rats zone.
13:30 of 3rd period - Mark Mancari is hit by Robbie Earl.
13:36 of 3rd period - Slapshot by Jarred Tinordi.
13:36 of 3rd period - Stopped by Daniel Altshuller without a rebound.
13:37 of 3rd period - Andreas Athanasiou wins face-off versus Jonathan Marchessault in Punishers zone.
13:42 of 3rd period - Snap shot by Dylan DeMelo.
13:42 of 3rd period - Stopped by Darcy Kuemper with a rebound.
14:55 of 3rd period - Mark Mancari is hit by Slava Voynov and loses puck.
15:08 of 3rd period - Backhand shot by Nick Cousins.
15:08 of 3rd period - Stopped by Daniel Altshuller without a rebound.
15:09 of 3rd period - Andreas Athanasiou wins face-off versus Nick Cousins in Punishers zone.
15:18 of 3rd period - Snap shot by Robbie Earl.
15:18 of 3rd period - Deflect By Mattias Tedenby.
15:18 of 3rd period - Stopped by Darcy Kuemper with a rebound.
15:20 of 3rd period - Slapshot by Madison Bowey.
15:20 of 3rd period - Goal by Madison Bowey - Sewer Rats : 2 - Punishers : 6.
15:21 of 3rd period - Andreas Athanasiou wins face-off versus Jonathan Marchessault in neutral zone.
15:32 of 3rd period - Snap shot by Robbie Earl.
15:32 of 3rd period - Stopped by Darcy Kuemper without a rebound.
15:33 of 3rd period - Jonathan Marchessault wins face-off versus Andreas Athanasiou in Sewer Rats zone.
15:58 of 3rd period - Tomas Tatar is hit by Adam Pelech and loses puck.
16:17 of 3rd period - Snap shot by Jonathan Marchessault.
16:17 of 3rd period - Stopped by Daniel Altshuller with a rebound.
16:19 of 3rd period - Slapshot by Jonathan Marchessault.
16:19 of 3rd period - Shot Misses the Net.
16:21 of 3rd period - Slapshot by Tomas Tatar.
16:21 of 3rd period - Shot Blocked by Tyler Bertuzzi.
16:23 of 3rd period - Slapshot by Joel Edmundson.
16:23 of 3rd period - Shot Blocked by Slava Voynov.
16:25 of 3rd period - Snap shot by Jonathan Marchessault.
16:25 of 3rd period - Deflect By Mark Mancari.
16:25 of 3rd period - Stopped by Daniel Altshuller with a rebound.
16:27 of 3rd period - Wrist shot by Tomas Tatar.
16:27 of 3rd period - Deflect By Mark Mancari.
16:27 of 3rd period - Shot Misses the Net.
16:27 of 3rd period - Puck is out of play.
16:28 of 3rd period - Nick Cousins wins face-off versus Andreas Athanasiou in Punishers zone.
16:33 of 3rd period - Snap shot by Nick Cousins.
16:33 of 3rd period - Shot Misses the Net.
16:35 of 3rd period - Wrist shot by Erik Condra.
16:35 of 3rd period - Shot Misses the Net.
16:37 of 3rd period - Wrist shot by Erik Condra.
16:37 of 3rd period - Deflect By Robbie Earl.
16:37 of 3rd period - Goal by Erik Condra - Sewer Rats : 3 - Punishers : 6.
16:38 of 3rd period - Nick Cousins wins face-off versus Andreas Athanasiou in neutral zone.
16:49 of 3rd period - Slapshot by Nick Cousins.
16:49 of 3rd period - Stopped by Daniel Altshuller with a rebound.
17:32 of 3rd period - Snap shot by Tyler Bertuzzi.
17:32 of 3rd period - Shot Hit the Post.
17:34 of 3rd period - Wrist shot by John Quenneville.
17:34 of 3rd period - Shot Misses the Net.
17:36 of 3rd period - Slapshot by Dylan DeMelo.
17:36 of 3rd period - Deflect By Tomas Tatar.
17:36 of 3rd period - Stopped by Darcy Kuemper without a rebound.
17:37 of 3rd period - Andreas Athanasiou wins face-off versus Nick Cousins in Sewer Rats zone.
17:45 of 3rd period - Icing by Daniel Carr.
17:46 of 3rd period - Andreas Athanasiou wins face-off versus Nick Cousins in Sewer Rats zone.
17:48 of 3rd period - Minor Penalty to Mattias Tedenby for Hooking.
17:49 of 3rd period - Jonathan Marchessault wins face-off versus Alex Schoenborn in Punishers zone.
18:01 of 3rd period - Alex Schoenborn is hit by Tomas Tatar and loses puck.
18:14 of 3rd period - Erik Condra is hit by Radek Faksa and loses puck.
19:17 of 3rd period - Slava Voynov is hit by Mark Mancari.
19:48 of 3rd period - Penalty to Mattias Tedenby is over, Mattias Tedenby is back on ice.
19:52 of 3rd period - Icing by Garret Ross.
19:53 of 3rd period - John Quenneville wins face-off versus Tyler Motte in Punishers zone.
19:53 of 3rd period - John Quenneville is hit by Jonathan Racine.
Goals for this period are 1 for Sewer Rats vs 1 for Punishers.
Shots for this period are 12 for Sewer Rats vs 10 for Punishers.
Back to the Top